 Dungeon Crawl Stone Soup version 0.31.0-12-g77e489cdc1 (webtiles) character file.

Game seed: 251401488282224353

58928 bearlyready the Brawler (level 14, 0/133 HPs)
             Began as a Troll Shapeshifter on Feb 11, 2024.
             Was an Elder of Wu Jian.
             Slain by a dream sheep (27 damage)
             ... on level 5 of the Lair of Beasts.
             The game lasted 00:31:03 (16828 turns).

bearlyready the Brawler (Troll Shapeshifter)       Turns: 16828, Time: 00:31:04

Health: 0/133      AC:  2    Str: 29    XL:     14   Next: 51%
Magic:  0/13       EV:  1    Int:  6    God:    Wu Jian [****..]
Gold:   1962       SH:  0    Dex:  9    Spells: 13/13 levels left

rFire   . .          .
                       - Unarmed
rCold   . . .        (no shield)
rNeg    . . .        P - melded +0 steam dragon scales
rPois   .            (helmet restricted)
rElec   .            (no cloak)
rCorr   .            (gloves unavailable)
SInv    .            (boots unavailable)
Will    +....        B - amulet of guardian spirit
Stlth   +            X - +5 ring of evasion
HPRegen 1.22/turn    I - +5 ring of evasion
MPRegen 0.13/turn

%: guardian spirit
@: maw-form, sleeping
A: devouring maw, large, unfitting armour, claws 3, regeneration 1, shaggy fur
1, tough skin 1
a: Begin Untransformation, Renounce Religion, Wall Jump, Serpent's Lash


You were on level 5 of the Lair of Beasts.
You worshipped Wu Jian.
Wu Jian was greatly pleased with you.
You were a creature with a mouth for a stomach.
You visited 2 branches of the dungeon, and saw 18 of its levels.
You also visited: Trove and Bailey.

You collected 1962 gold pieces.

Inventory:

Missiles
 f - 153 stones
 k - 5 javelins (quivered)
 p - 30 boomerangs
 q - 6 silver javelins
 t - 42 poisoned darts
 w - 8 datura-tipped darts
 R - 6 curare-tipped darts
 T - 7 atropa-tipped darts
 Z - 14 large rocks
Armour
 x - a scarf of repulsion
 D - a +2 robe of fire resistance
 P - +0 steam dragon scales (melded)
Jewellery
 u - a +6 ring of dexterity
 v - a ring of willpower
 B - an amulet of guardian spirit (around neck)
 H - a ring of flight
 I - a +5 ring of evasion (right claw)
 K - a ring of protection from cold
 S - a ring of see invisible
 X - a +5 ring of evasion (left claw)
Talismans
 b - a maw talisman (active)
 c - a beast talisman
 d - a flux talisman
Wands
 g - a wand of polymorph (5)
 J - a wand of flame (38)
 U - a wand of mindburst (11)
 Y - a wand of paralysis (9)
Scrolls
 e - 4 scrolls of summoning
 i - 7 scrolls of enchant armour
 j - 4 scrolls of noise
 l - a scroll of torment
 m - 5 scrolls of fog
 n - 7 scrolls of immolation
 o - a scroll of amnesia
 r - 4 scrolls of enchant weapon
 y - a scroll of fear
 z - 2 scrolls of vulnerability
 L - 6 scrolls of teleportation
 M - 6 scrolls of blinking
 Q - 5 scrolls of revelation
Potions
 a - 2 potions of heal wounds
 h - 3 potions of magic
 s - 6 potions of brilliance
 A - 3 potions of mutation {unknown}
 C - 2 potions of degeneration {unknown}
 E - 5 potions of ambrosia
 F - a potion of berserk rage
 G - 2 potions of might {unknown}
 N - 2 potions of attraction {unknown}
 O - a potion of experience {unknown}
 V - 4 potions of haste
 W - a potion of curing


   Skills:
 + Level 7.6 Fighting
 - Level 6.0 Throwing
 - Level 5.0 Armour
 + Level 5.9 Dodging
 + Level 15.4 Unarmed Combat
 - Level 2.0 Evocations
 + Level 14.3 Shapeshifting


You had 13 spell levels left.
You didn't know any spells.
Your spell library contained the following spells:

 Spells                   Type           Power      Damage    Failure   Level
 Apportation              Tloc           0%         N/A       45%         1
 Foxfire                  Conj/Fire      0%         2x1d4     45%         1
 Necrotise                Necr           0%         1d4       45%         1
 Shock                    Conj/Air       0%         1d3       45%         1
 Slow                     Hex            0%         N/A       45%         1
 Sting                    Conj/Alch      0%         1d3       45%         1
 Summon Small Mammal      Summ           0%         N/A       45%         1
 Static Discharge         Conj/Air       0%         3-3/arc   58%         2
 Confusing Touch          Hex            0%         N/A       83%         3
 Dazzling Flash           Conj/Hex       0%         N/A       83%         3
 Gell's Gravitas          Tloc           0%         N/A       83%         3
 Hailstorm                Conj/Ice       0%         3d5       83%         3
 Mephitic Cloud           Conj/Alch/Air  0%         N/A       83%         3
 Sigil of Binding         Hex            0%         N/A       83%         3
 Summon Ice Beast         Ice/Summ       0%         N/A       83%         3
 Swiftness                Air            0%         N/A       83%         3
 Teleport Other           Tloc           0%         N/A       83%         3
 Tukima's Dance           Hex            0%         N/A       83%         3
 Vampiric Draining        Necr           0%         2d6       83%         3
 Airstrike                Air            0%         2d(0-16)  99%         4
 Dimensional Bullseye     Hex/Tloc       0%         N/A       99%         4
 Iskenderun's Mystic Bla  Conj/Tloc      0%         2d3       99%         4
 Passage of Golubria      Tloc           0%         N/A       99%         4
 Summon Lightning Spire   Summ/Air       0%         N/A       99%         4
 Curse of Agony           Necr           0%         N/A       100%        5
 Silence                  Hex/Air        0%         N/A       100%        5
 Yara's Violent Unravell  Hex/Alch       0%         3d3       100%        5
 Dispersal                Tloc           0%         N/A       100%        6
 Plasma Beam              Fire/Air       0%         2x1d10    100%        6
 Sculpt Simulacrum        Ice/Alch       0%         N/A       100%        6
 Starburst                Conj/Fire      0%         6d3       100%        6


Dungeon Overview and Level Annotations

Branches:
Dungeon (13/15)            Temple (0/1) D:7            Lair (5/5) D:8
 Shoals (0/4) Lair:3        Snake (0/4) Lair:2        Slime (0/5) Lair:4
    Orc (0/2) D:12         Bailey (visited)
 Vaults: D:13-14

Altars:
Cheibriados
Dithmenos
Nemelex Xobeh
Okawaru
Ru
Sif Muna
Wu Jian
Zin
Jiyva

Shops:
D:13 *

Annotations:
D:4 3 runed translucent doors, Crazy Yiuf; kftrendy's ghost, amateur TrFi


Innate Abilities, Weirdness & Mutations

You are a creature with a mouth for a stomach.
Your midsection houses a second, enormous mouth.
You are too large for most types of armour.
You have claws for hands.
Your natural rate of healing is unusually fast.
You are covered in fur. (AC +1)
You have tough skin. (AC +1)


Message History

Something hits the plant!
The plant begins to die.
The death yak gores you!!
You scratch the death yak but do no damage.
You bite the death yak!
The death yak is heavily wounded.
Something hits the plant.
The water moccasin bites the plant.
You claw the death yak! Your bite misses the death yak.
The death yak is severely wounded.
The water moccasin bites the plant.
The death yak gores you!!
* * * LOW HITPOINT WARNING * * *
You claw the death yak! You bite the death yak.
The death yak is almost dead.
The water moccasin bites the plant.
The death yak misses you.
You mangle the death yak!!
You kill the death yak!
The Council accepts your kill.
You miss the water moccasin. You claw the water moccasin!!
Your bite misses the water moccasin.
The water moccasin is severely wounded.
A nearby plant withers and dies.
The water moccasin barely misses you.
You miss the water moccasin.
The water moccasin is severely wounded.
The water moccasin misses you.
The dream sheep ruffle their wool and motes of dream dust sparkle, to no effect.
You barely miss the water moccasin. Your claw misses the water moccasin.
The water moccasin is severely wounded.
The blink frog blinks!
The water moccasin bites you!
* * * LOW HITPOINT WARNING * * *
The dream sheep ruffle their wool and motes of dream dust sparkle, to no effect.
You closely miss the water moccasin. Your bite misses the water moccasin.
The water moccasin is severely wounded.
The dream sheep ruffle their wool and motes of dream dust sparkle, to no effect.
The water moccasin closely misses you.
You eviscerate the water moccasin!!!
You devour the water moccasin!
You feel better.
You kill the water moccasin!
The Council accepts your kill.
The dream sheep shake their wool and sparkle.
You feel drowsy...
You fall asleep.
The dream sheep headbutts you!!
You die...

♣.. ♣♣....##... ♣♣
♣.♣♣.♣..###... #... ♣.
♣♣.)♣...# #... .P..♣
♣.♣♣.♣♣..♣♣.###...
....F
♣..♣♣♣....#......
.....♣
♣♣.♣8...8♣..#.....
...§
♣♣.♣...♣...♣.......
.§♣♣.♣♣♣.♣♣♣.♣♣.......
#♣ ♣.♣♣W♣♣♣♣
♣§♣♣....... #.♣♣.YY♣.♣
§♣§[.......
..##.♣.♣F.♣♣.♣
♣.♣........
...S....♣...♣. ♣
#.###....
...........♣.♣♣
♣##<..#....
...#....##♣♣ .♣
♣....###... . #.....#
.♣ ♣#...##....
..##..#. ..♣....##....
.. ### # ..######....


You could see a blink frog and 2 dream sheep.

Vanquished Creatures
  Josephine (D:12)
  2 hydras
  2 boulder beetles (D:11)
  Erica (D:10)
  2 two-headed ogres
  2 centaur warriors (D:13)
  4 death yaks (Lair:5)
  Sonja (D:12)
  A skyshark (Lair:3)
  3 skeletal warriors (D:12)
  Lodul (D:10)
  An oklob plant (Lair:4)
  3 deep elf pyromancers
  3 cyclopes
  A salamander (Lair:2)
  2 manticores
  5 elephants (Lair:4)
  3 meliai (Lair:4)
  5 black mambas
  A kobold demonologist (D:10)
  2 torpor snails
  2 unseen horrors (D:10)
  12 cane toads
  Jeremiah (D:6)
  9 komodo dragons
  6 rime drakes
  A yaktaur (D:10)
  An efreet (D:13)
  Psyche (D:12)
  A queen bee (Lair:4)
  7 trolls
  A wind drake (Lair:3)
  A hornet (D:10)
  Grinder (D:6)
  3 polar bears
  9 blink frogs
  4 dream sheep
  5 slime creatures (D:12)
  A shadow (D:13)
  A vampire (D:11)
  10 wraiths
  5 spriggans
  2 wyverns
  4 fire bats (Lair:3)
  6 basilisks
  38 yaks
  5 steam dragons
  A warg (D:12)
  Menkaure (D:6)
  7 vampire mosquitoes
  4 acid dragons
  11 water moccasins
  2 swamp drakes (Lair:5)
  9 ice beasts
  15 orc warriors
  A sky beast (D:7)
  2 black bears
  9 ogres
  2 laughing skulls (D:12)
  11 wolves
  6 centaurs
  2 phantoms
  11 bullfrogs
  9 kobold brigands
  3 gnoll sergeants (D:10)
  9 wights
  20 killer bees
  4 howler monkeys
  A bombardier beetle (D:4)
  3 lava snakes
  7 orc priests
  5 jellies
  5 hounds
  A gnoll bouda (D:8)
  A sleepcap (D:4)
  10 iguanas
  19 orc wizards
  6 hell rats (Lair:4)
  27 gnolls
  10 adders
  A shadow imp (D:6)
  2 white imps
  4 ufetubi
  A dart slug (D:5)
  A ribbon worm (D:5)
  46 orcs
  5 ball pythons
  10 endoplasms
  3 giant cockroaches
  7 hobgoblins
  7 jackals (D:2)
  6 quokkas
  5 bats
  5 frilled lizards
  13 goblins
  24 kobolds
  3 rats
560 creatures vanquished.

Vanquished Creatures (others)
  An ogre mage (D:10)
  An orc wizard (D:6)
2 creatures vanquished.

Grand Total: 562 creatures vanquished

Notes
Turn   | Place    | Note
-------+----------+-------------------------------------------
     0 | D:1      | bearlyready the Troll Shapeshifter began the quest for the
                  | Orb.
     0 | D:1      | Reached XP level 1. HP: 18/18 MP: 0/0
   238 | D:1      | Reached XP level 2. HP: 26/26 MP: 1/1
   649 | D:2      | Reached XP level 3. HP: 23/32 MP: 2/2
   717 | D:2      | Reached skill level 4 in Unarmed Combat
   759 | D:2      | Found a glowing silver altar of Zin.
   768 | D:2      | Reached XP level 4. HP: 40/40 MP: 3/3
  1299 | D:3      | Reached skill level 1 in Throwing
  1420 | D:3      | Reached XP level 5. HP: 46/46 MP: 4/4
  1614 | D:4      | Found an ornate altar of the Wu Jian Council.
  1646 | D:4      | Found a large runed translucent door.
  1646 | D:4      | Found a large runed translucent door.
  1652 | D:4      | Noticed kftrendy's ghost (amateur TrFi)
  1703 | D:4      | Became a worshipper of the Wu Jian Council
  1937 | D:4      | Found a transporter.
  2067 | D:4      | Found a sacrificial altar of Ru.
  2127 | D:4      | Found a runed translucent door.
  2128 | D:4      | Noticed Crazy Yiuf
  2318 | D:4      | Reached skill level 1 in Fighting
  2318 | D:4      | Reached XP level 6. HP: 55/55 MP: 5/5
  2330 | D:4      | Found a transporter.
  2332 | D:4      | Noticed an ice beast
  2380 | D:4      | Noticed an ice beast
  2380 | D:4      | Noticed an ice beast
  2521 | D:4      | Killed an ice beast
  2522 | D:4      | Reached skill level 5 in Unarmed Combat
  2525 | D:4      | Killed an ice beast
  2526 | D:4      | Reached skill level 5 in Shapeshifting
  2526 | D:4      | Killed an ice beast
  2527 | D:4      | Reached XP level 7. HP: 7/65 MP: 6/6
  2661 | D:5      | Entered Level 5 of the Dungeon
  2716 | D:5      | Reached skill level 6 in Unarmed Combat
  2739 | D:5      | Reached * piety under Wu Jian
  2790 | D:5      | Reached XP level 8. HP: 33/72 MP: 7/7
  2973 | D:5      | Reached skill level 7 in Unarmed Combat
  3602 | D:6      | Noticed Grinder
  3602 | D:6      | Paralysed by Grinder for 3 turns
  3622 | D:6      | Killed Grinder
  3623 | D:6      | Reached XP level 9. HP: 78/83 MP: 5/8
  3989 | D:6      | Reached ** piety under Wu Jian
  4027 | D:6      | Noticed Jeremiah
  4028 | D:6      | Noticed Menkaure
  4084 | D:6      | Killed Jeremiah
  4085 | D:6      | Reached skill level 8 in Unarmed Combat
  4097 | D:6      | Killed Menkaure
  4664 | D:7      | Reached skill level 1 in Evocations
  4682 | D:7      | Found a staircase to the Ecumenical Temple.
  4994 | D:8      | Found a flagged portal.
  5016 | Bailey   | Entered a bailey
  5040 | Bailey   | Reached skill level 5 in Throwing
  5075 | Bailey   | Reached *** piety under Wu Jian
  5162 | Bailey   | Reached XP level 10. HP: 94/94 MP: 7/9
  5164 | Bailey   | Reached skill level 5 in Fighting
  5204 | Bailey   | Found a burning altar of Makhleb.
  5382 | D:8      | Reached skill level 9 in Unarmed Combat
  5387 | D:8      | Found an iron altar of Okawaru.
  5738 | D:8      | Found a staircase to the Lair.
  6123 | D:9      | Reached skill level 10 in Unarmed Combat
  6467 | D:9      | Found a sparkling altar of Nemelex Xobeh.
  6645 | D:9      | Found a snail-covered altar of Cheibriados.
  6836 | D:9      | Found a shimmering blue altar of Sif Muna.
  6929 | D:10     | Entered Level 10 of the Dungeon
  6946 | D:10     | Reached **** piety under Wu Jian
  6977 | D:10     | Noticed Lodul
  6994 | D:10     | Reached XP level 11. HP: 81/102 MP: 7/10
  7019 | D:10     | Killed Lodul
  7020 | D:10     | Reached skill level 10 in Shapeshifting
  7057 | D:10     | Reached skill level 11 in Unarmed Combat
  7432 | D:10     | Found a shadowy altar of Dithmenos.
  7552 | D:10     | Noticed Erica
  7559 | D:10     | Killed Erica
  8027 | D:10     | Noticed an ogre mage
  8034 | D:10     | Killed an ogre mage
  8038 | D:10     | Reached skill level 12 in Unarmed Combat
  8141 | D:10     | Noticed a two-headed ogre
  8316 | D:10     | Paralysed by a hornet for 2 turns
  8381 | D:10     | Killed a two-headed ogre
  8740 | D:11     | Reached ***** piety under Wu Jian
  8880 | D:11     | Noticed a boulder beetle
  8886 | D:11     | Killed a boulder beetle
  8897 | D:11     | Reached XP level 12. HP: 93/111 MP: 8/11
  9155 | D:11     | Noticed a boulder beetle
  9167 | D:11     | Killed a boulder beetle
  9368 | D:12     | Noticed a two-headed ogre
  9372 | D:12     | Killed a two-headed ogre
  9373 | D:12     | Reached skill level 13 in Unarmed Combat
  9440 | D:12     | Reached skill level 1 in Armour
  9701 | D:12     | Noticed Josephine
  9720 | D:12     | Killed Josephine
 10047 | D:12     | Found a staircase to the Orcish Mines.
 10198 | D:12     | Noticed Sonja
 10202 | D:12     | Killed Sonja
 10883 | D:12     | Noticed Psyche
 10888 | D:12     | Killed Psyche
 11478 | D:13     | Noticed a centaur warrior
 11484 | D:13     | Killed a centaur warrior
 11566 | D:13     | Found Unel's Demolitions Depot.
 11587 | D:13     | Reached XP level 13. HP: 116/118 MP: 10/12
 11990 | D:13     | Found a portal to a secret trove of treasure.
 12291 | Trove    | Entered a treasure trove
 12331 | Trove    | Identified the ring "Zisuts" {Ice Dex+2}
 12337 | Trove    | Identified the ring "Puhusu" {*Slow rElec AC+4 Int+5}
 12563 | Lair:1   | Entered Level 1 of the Lair of Beasts
 12580 | Lair:1   | Reached skill level 14 in Unarmed Combat
 12589 | Lair:1   | Reached skill level 5 in Dodging
 13759 | Lair:2   | Found a staircase to the Snake Pit.
 14805 | Lair:3   | Found a staircase to the Shoals.
 14809 | Lair:3   | Reached skill level 15 in Unarmed Combat
 15388 | Lair:4   | Reached XP level 14. HP: 131/131 MP: 13/13
 15428 | Lair:4   | Found a viscous altar of Jiyva.
 15430 | Lair:4   | Found a staircase to the Slime Pits.
 16287 | Lair:5   | Entered Level 5 of the Lair of Beasts
 16809 | Lair:5   | Reached skill level 5 in Armour
 16828 | Lair:5   | Slain by a dream sheep

Illustrated notes

Levels and vault maps discovered:
D:1:      dpeg_arrival_simpleton_c, layout_basic, st_stairs_9
D:2:      layout_basic, basic_altar
D:3:      layout_rooms, hangedman_decor_clover_reticule, grunt_decor_cap
D:4:      gammafunk_cloud_chamber, layout_loops_ring,
          nicolae_ru_the_path_less_chosen, mainiacjoe_overflow_24_doors,
          ebering_ghost_disaster_area, serial_bayou_lake_a,
          uniq_crazy_yiuf_cottage
D:5:      layout_rooms, minmay_pentangle
D:6:      layout_basic, uniq_jeremiah, uniq_menkaure, uniq_grinder
D:7:      layout_rooms, minmay_temple_entry_overgrown, dk_vineyard_1,
          st_stairs_12
D:8:      layout_basic, kennysheep_okawaru_gauntlet, hellmonk_lair_entry_icy,
          enter_bailey_5
D:9:      layout_irregular_city, led_sif_pool, mainiacjoe_overflow_big_doors
D:10:     kennysheep_windowed_halls, layout_basic,
          nicolae_dithmenos_the_darkroom, uniq_erica, uniq_lodul
D:11:     layout_roguey
D:12:     layout_layer_cave, david_orc_3, kennysheep_small_spiral,
          uniq_josephine, uniq_psyche, uniq_sonja
D:13:     layout_loops_ring, special_room [special_room_orc],
          nicolae_trove_entry_diagonal, nicolae_blasting_shop, hex_large
Lair:1:   layout_misc_corridors, lemuel_fruit_tree, serial_bayou_shore_a,
          grunt_megastairs_4, lemuel_fruit_fields
Lair:2:   layout_chaotic_city, nicolae_snake_entry_warm_welcome
Lair:3:   layout_gridlike, minmay_shoals_entry_beasts, lemuel_fruit_fields
Lair:4:   layout_misc_corridors, minmay_slime_entry_oklob_enclosed, special_room
          [special_room_bee], grunt_megastairs_5
Lair:5:   guppyfry_lair_end_dragon, layout_regular_city, gammafunk_ghost_split,
          wad_woods_01, serial_bayou_shore_b

Skill      XL: |  1  2  3  4  5  6  7  8  9 10 11 12 13 14 |
---------------+-------------------------------------------+-----
Unarmed Combat | 4 5 6 7 8 10 12 13 15 | 15.4
Shapeshifting  | 4 5 6 7 8 9 11 12 13 14 | 14.3
Throwing       | 1 2 3 5 6 |  6.0
Fighting       | 1 2 3 4 5 6 7 |  7.6
Evocations     | 1 2 |  2.0
Dodging        | 4 5 |  5.9
Armour         | 4 5 |  5.0

Action                     |  1- 3 |  4- 6 |  7- 9 | 10-12 | 13-15 || total
---------------------------+-------+-------+-------+-------+-------++-------
  Melee: Unarmed           |    71 |   117 |   317 |   462 |   504 ||  1471
         Punch             |     2 |     4 |     6 |    41 |    45 ||    98
         Maw               |       |       |       |       |    75 ||    75
  Throw: Dart              |       |       |    10 |    11 |       ||    21
         Stone             |       |       |     3 |     3 |       ||     6
         Boomerang         |       |       |       |    23 |    40 ||    63
         Javelin           |       |       |       |     4 |     7 ||    11
Ability: Lunge             |       |     4 |    34 |    39 |    36 ||   113
         Whirlwind         |       |       |     4 |    12 |     3 ||    19
  Evoke: Wand              |       |       |       |    13 |     4 ||    17
    Use: Scroll            |       |     5 |     3 |     6 |     7 ||    21
         Potion            |       |     1 |     4 |     4 |       ||     9
 Armour: Animal skin       |    60 |    86 |    86 |       |       ||   232
         Skin              |       |       |   110 |     8 |   145 ||   263
         Robe              |       |       |   107 |    62 |       ||   169
         Steam dragon scal |       |       |       |   327 |   112 ||   439
  Dodge: Dodged            |    62 |    62 |   114 |   151 |   376 ||   765
   Form: Maw               |       |       |       |     1 |     1 ||     2
         Beast             |       |       |       |     1 |       ||     1
